 Dungeon Crawl Stone Soup version 0.19.1 (webtiles) character file.

3796 RKaid the Basher (level 10, -3/99 HPs)
             Began as a Gargoyle Gladiator on Dec 19, 2016.
             Was a Believer of Trog.
             Slain by a spiny frog (4 damage)
             ... on level 1 of the Lair of Beasts.
             The game lasted 00:15:09 (5770 turns).

RKaid the Basher (Gargoyle Gladiator)               Turns: 5770, Time: 00:15:10

Health: -3/99      AC: 22    Str: 28    XL:     10   Next: 16%
Magic:  10/10      EV: 11    Int:  9    God:    Trog [**....]
Gold:   156        SH:  0    Dex: 11    Spells: 0 memorised, 9 levels left

rFire  . . .     SeeInvis .     h - +2 mace (crush)
rCold  . . .     Gourm    .     m - +6 scale mail of Bedevilment {rElec rN+ Regen+}
rNeg   + + .     Faith    .     (no shield)
rPois  ∞         Spirit   .     c - +1 helmet
rElec  +         Reflect  .     r - +0 cloak
rCorr  .         Harm     .     (no gloves)
MR     .....                    (no boots)
Stlth  ..........               (no amulet)
                                (no ring)
                                p - +2 ring of strength

@: berserking, very quick
A: negative energy resistance 1, electricity resistance, unbreathing,
petrification resistance, rot immunity, AC +7
a: Berserk, Trog's Hand, Burn Spellbooks, Renounce Religion


You were on level 1 of the Lair of Beasts.
You worshipped Trog.
Trog was pleased with you.
You were hungry.

You visited 3 branches of the dungeon, and saw 10 of its levels.

You collected 375 gold pieces.
You spent 219 gold pieces at shops.

Inventory:

Hand Weapons
 a - a +0 flail
 h - a +2 mace of crushing (weapon)
   (You found it on level 5 of the Dungeon)
Missiles
 d - 3 throwing nets {=f}
Armour
 c - a +1 helmet (worn)
 m - the +6 scale mail of Bedevilment (worn) {rElec rN+ Regen+}
   (You bought it in a shop on level 5 of the Dungeon)

   It insulates you from electricity.
   It protects you from negative energy.
   It increases your rate of regeneration.
 r - a +0 cloak (worn)
   (You found it on level 6 of the Dungeon)
Jewellery
 b - an uncursed ring of fire {rF+, rC-}
   (You found it on level 5 of the Dungeon)
 p - a +2 ring of strength (left hand)
   (You took it off a crimson imp on level 7 of the Dungeon)
Scrolls
 e - 3 scrolls of remove curse
 i - 3 scrolls of identify
 n - 3 scrolls of blinking {!r}
 x - 3 scrolls of recharging
 B - 3 scrolls of enchant armour
Potions
 g - a potion of flight {unknown}
 l - a potion of invisibility
 o - a potion of heal wounds
 q - 2 potions of mutation {unknown}
 s - a potion of degeneration {unknown}
 t - a potion of agility
 u - a potion of cure mutation {!q}
 v - 2 potions of might
 w - a potion of curing
Comestibles
 f - 7 bread rations
 j - 21 chunks of flesh
 k - 3 meat rations
 z - 3 beef jerkies
 A - 7 slices of pizza


   Skills:
 + Level 9.3 Fighting
 * Level 11.9 Maces & Flails
 - Level 1.7 Throwing
 - Level 2.4 Dodging


You had 9 spell levels left.
You didn't know any spells.

Dungeon Overview and Level Annotations

Branches:
Dungeon (8/15)             Temple (1/1) D:6            Lair (1/6) D:8

Altars:
Ashenzari
Cheibriados
Dithmenos
Elyvilon
Fedhas
Gozag
Hepliaklqana
Kikubaaqudgha
Makhleb
Nemelex Xobeh
Okawaru
Ru
Sif Muna
Trog
Uskayaw
Xom
Yredelemnul
Zin
The Shining One

Shops:
D:5 [   D:7 !

Annotations:
D:3 dricus's ghost, amateur DECj
D:4 Sam's ghost, amateur MiBe


Innate Abilities, Weirdness & Mutations

You are resistant to torment.
Your stone body is resilient. (AC +7)
You are immune to poison.
You resist negative energy. (rN+)
You are resistant to electric shocks. (rElec)
You can survive without breathing.
You are immune to petrification.
You are immune to rotting.


Message History

The centaur barely misses you.
You barely miss the centaur. The centaur misses you.
You sock the centaur!
You kill the centaur!
Trog accepts your kill.
Items here: ( ))) [ †††† You butcher the centaur corpse.
j - 19 chunks of flesh (gained 4)
You butcher the orc corpse.
j - 23 chunks of flesh (gained 4)
You butcher the orc corpse.
j - 25 chunks of flesh (gained 2)
You butcher the orc corpse.
j - 27 chunks of flesh (gained 2)
Items here: ( ))) [ ÷ an uncursed shortbow; 13 arrows; an enchanted dagger; a robe; a flail an orc skeleton
Items here: ( ))) [ ÷ an uncursed shortbow; 13 arrows; an enchanted dagger; a robe; a flail an orc skeleton
Things that are here:
a leather armour; a trident; an orc corpse You butcher the orc corpse.
j - 31 chunks of flesh (gained 4)
Things that are here:
a leather armour; a trident; an orc skeleton
Things that are here:
a leather armour; a trident; an orc skeleton You see here 19 bolts.
You see here 19 bolts.
You see here 19 bolts.
Found a stone staircase leading up.
k - 3 meat rations (gained 1)
You see here a longbow.
Some of the chunks of flesh in your inventory have rotted away.
Some of the chunks of flesh in your inventory have rotted away.
Done exploring.
Done exploring.
You are feeling hungry.
You bludgeon the fungus!!
The fungus is heavily damaged.
You thump the fungus!
The fungus is almost destroyed.
You hit the fungus but do no damage.
The fungus is almost destroyed.
You hit the fungus but do no damage.
The fungus is almost destroyed.
You hit the fungus.
The fungus is almost destroyed.
You hit the fungus.
You destroy the fungus!
There is a staircase to the Lair here.
You climb downwards.
Welcome to the Lair of Beasts!
There is a staircase back to the Dungeon here.
Eating one of 22 chunks of flesh.
You start eating one of the 22 chunks of flesh.
This raw flesh tastes terrible.
A spiny frog comes into view.
A spiny frog comes into view.
The spiny frog croaks. 2 spiny frogs come into view.
The spiny frog gives a loud, deep croak!
The spiny frog croaks.
A water moccasin comes into view.
The water moccasin hisses angrily.
You hit the spiny frog but do no damage.
A spiny frog comes into view.
The spiny frog stings you.
There is a staircase back to the Dungeon here.
You sock the spiny frog! The spiny frog stings you.
You hit the spiny frog. The spiny frog stings you.
You hit the spiny frog but do no damage.
The spiny frog stings you!
You sock the spiny frog!
You kill the spiny frog!
Trog accepts your kill.
The spiny frog stings you but does no damage.
You closely miss the spiny frog. The spiny frog stings you!
You completely miss the spiny frog.
The spiny frog stings you but does no damage.
The spiny frog stings you!
The spiny frog stings you but does no damage.
You closely miss the spiny frog. The spiny frog stings you!
The spiny frog stings you.
* * * LOW HITPOINT WARNING * * *
The spiny frog stings you.
* * * LOW HITPOINT WARNING * * *
A red film seems to cover your vision as you go berserk!
You feel yourself moving faster!
You feel mighty!
You are feeling hungry.
The spiny frog closely misses you.
The spiny frog stings you but does no damage.
The spiny frog stings you!
* * * LOW HITPOINT WARNING * * *
You completely miss the spiny frog. The spiny frog stings you.
* * * LOW HITPOINT WARNING * * *
The spiny frog stings you.
* * * LOW HITPOINT WARNING * * *
You hit the spiny frog. The spiny frog stings you.
You die...

......# ##
.....#
..##.##....#
.F......####
...........#
..........##
.........<#
#####...#F#
#....#@#
##...FF#
#....S#
#...#.#
.......#
........#
#.... #.#
..... ...


You could see 3 spiny frogs and a water moccasin.

Vanquished Creatures
  A spiny frog (Lair:1)
  A hornet (D:8)
  Prince Ribbit (D:6)
  A hippogriff (D:7)
  A human (D:8)
  4 hogs (D:8)
  An orc warrior (D:8)
  A sky beast (D:8)
  2 phantoms
  4 centaurs
  A bullfrog (D:6)
  2 scorpions
  4 killer bees (D:7)
  4 howler monkeys
  6 crimson imps
  2 centaur skeletons
  4 hounds
  3 orc priests
  A bullfrog skeleton (D:8)
  2 jellies (D:8)
  5 orc wizards
  4 iguanas
  6 worker ants
  A hound zombie (D:5)
  A howler monkey skeleton (D:5)
  7 adders
  A shadow imp (D:7)
  An ooze (D:6)
  3 worms (D:2)
  2 dart slugs
  3 leopard geckos
  14 orcs
  8 bats
  6 giant cockroaches
  A goblin (D:2)
  5 hobgoblins
  6 jackals (D:2)
  8 kobolds
  A quokka (D:6)
  A ball python (D:6)
  2 frilled lizards
  A jackal zombie (D:6)
  A leopard gecko skeleton (D:6)
  3 rats
  A fungus (D:8)
138 creatures vanquished.

Vanquished Creatures (others)
  A giant cockroach (D:3)
  A kobold (D:3)
2 creatures vanquished.

Grand Total: 140 creatures vanquished

Notes
Turn   | Place    | Note
-------+----------+-------------------------------------------
     0 | D:1      | RKaid the Gargoyle Gladiator began the quest for the Orb.
     0 | D:1      | Reached XP level 1. HP: 12/12 MP: 1/1
   244 | D:1      | Reached XP level 2. HP: 18/18 MP: 2/2
   956 | D:2      | Reached XP level 3. HP: 16/22 MP: 3/3
  1109 | D:2      | Reached skill level 4 in Maces & Flails
  1203 | D:2      | Reached skill level 3 in Fighting
  1223 | D:2      | Reached XP level 4. HP: 24/28 MP: 4/4
  1334 | D:2      | Found a shattered altar of Ashenzari.
  1451 | D:2      | Found a shimmering altar of Xom.
  1771 | D:3      | Noticed dricus's ghost (amateur DECj)
  2070 | D:4      | Reached XP level 5. HP: 12/32 MP: 5/5
  2208 | D:4      | Noticed Sam's ghost (amateur MiBe)
  2247 | D:3      | Found a burning altar of Makhleb.
  2284 | D:4      | Found a sacrificial altar of Ru.
  2300 | D:4      | Found a sand-covered staircase.
  2354 | D:4      | Reached skill level 5 in Maces & Flails
  2360 | D:4      | Reached skill level 4 in Fighting
  2535 | D:5      | Entered Level 5 of the Dungeon
  2630 | D:5      | Reached XP level 6. HP: 15/39 MP: 6/6
  2994 | D:5      | Reached skill level 6 in Maces & Flails
  3002 | D:5      | Found Fapn's Antique Armour Shop.
  3006 | D:5      | Reached skill level 5 in Fighting
  3013 | D:5      | Reached XP level 7. HP: 44/44 MP: 7/7
  3017 | D:5      | Bought a jasper-studded scale mail for 180 gold pieces
  3027 | D:5      | Identified the +6 scale mail of Bedevilment {rElec rN+ Regen+} (You bought it in a shop on level 5 of the Dungeon)
  3386 | D:6      | Reached skill level 7 in Maces & Flails
  3572 | D:6      | Noticed Prince Ribbit
  3596 | D:6      | Killed Prince Ribbit
  3596 | D:6      | Reached skill level 6 in Fighting
  3596 | D:6      | Reached skill level 8 in Maces & Flails
  3596 | D:6      | Reached XP level 8. HP: 45/51 MP: 8/8
  3823 | D:6      | Found a staircase to the Ecumenical Temple.
  3988 | Temple   | Entered the Ecumenical Temple
  4234 | Temple   | Became a worshipper of Trog the Wrathful
  4396 | D:7      | Found Ummiomas's Distillery.
  4422 | D:7      | Bought a potion of curing for 39 gold pieces
  4548 | D:7      | Found an ancient bone altar of Kikubaaqudgha.
  4552 | D:7      | Reached skill level 9 in Maces & Flails
  4795 | D:7      | Reached * piety under Trog
  4795 | D:7      | Reached skill level 7 in Fighting
  4813 | D:7      | Noticed a hippogriff
  4826 | D:7      | Killed a hippogriff
  4853 | D:7      | Reached XP level 9. HP: 55/57 MP: 9/9
  5175 | D:8      | Reached skill level 10 in Maces & Flails
  5184 | D:8      | Noticed a hornet
  5199 | D:8      | Killed a hornet
  5238 | D:8      | Reached skill level 8 in Fighting
  5253 | D:8      | Found a staircase to the Lair.
  5451 | D:8      | Reached skill level 11 in Maces & Flails
  5545 | D:8      | HP: 14/90 [orc warrior/glaive (11)]
  5549 | D:8      | Reached XP level 10. HP: 12/65 MP: 10/10
  5550 | D:8      | HP: 2/65 [orc warrior/glaive (7)]
  5559 | D:8      | Reached ** piety under Trog
  5559 | D:8      | Reached skill level 9 in Fighting
  5750 | Lair:1   | Entered Level 1 of the Lair of Beasts
  5752 | Lair:1   | Noticed a spiny frog
  5753 | Lair:1   | Noticed a spiny frog
  5754 | Lair:1   | Noticed a spiny frog
  5754 | Lair:1   | Noticed a spiny frog
  5756 | Lair:1   | Noticed a spiny frog
  5764 | Lair:1   | Killed a spiny frog
  5767 | Lair:1   | HP: 15/66 [spiny frog (3)]
  5769 | Lair:1   | HP: 5/99 [spiny frog (6)]
  5769 | Lair:1   | HP: 1/99 [spiny frog (4)]
  5770 | Lair:1   | Slain by a spiny frog

Skill      XL: |  1  2  3  4  5  6  7  8  9 10 |
---------------+-------------------------------+-----
Maces & Flails | 4 5 6 8 9 11 | 11.9
Fighting       | 3 4 5 6 7 8 9 |  9.3
Throwing       | |  1.7
Dodging        | |  2.4

Action                   |  1- 3 |  4- 6 |  7- 9 | 10-12 || total
-------------------------+-------+-------+-------+-------++-------
Melee: Flail             |   113 |   155 |       |       ||   268
       Mace              |       |    31 |   350 |    36 ||   417
Invok: Berserk           |       |       |     1 |     1 ||     2
  Use: Scroll            |     1 |     8 |     8 |       ||    17
       Potion            |       |       |       |     2 ||     2
  Eat: Chunk             |     1 |     6 |     6 |     2 ||    15
       Pizza             |       |       |     1 |       ||     1
       Beef jerky        |       |       |     1 |       ||     1
Armor: Leather armour    |     5 |       |       |       ||     5
       Ring mail         |    59 |   120 |       |       ||   179
       Scale mail        |       |       |   211 |    36 ||   247
Dodge: Dodged            |    88 |   125 |   166 |    21 ||   400

Vault maps used:
D:1:      lordsloth_arrival_two_stooges, serial_curves, eino_curves_04,
          eino_curves_04
D:2:      nicolae_overflow_crystal_walls, nicolae_ashenzari_panopticon,
          hex_large
D:3:      lemuel_coloured_pillars_altar
D:4:      nicolae_overflow_hidden_temple, grunt_qazlal_clouds, enter_ossuary_3
D:5:      serial_shops, shop_statue, first_bread
D:6:      kennysheep_crisscross, kennysheep_generic_room_14, uniq_prince_ribbit1
D:7:      overflow_temple_1_default, serial_bayou, serial_bayou_pond_c,
          serial_bayou_shore_b, serial_bayou_pond_c, serial_bayou_shore_b,
          serial_shops, nicolae_shop_trees
D:8:      dpeg_oklobed_lair, grunt_livestock
Temple:   minmay_temple_curvy_branch
Lair:1:   lemuel_ratsnest, basic_altar, beast_lair_carwin_10

Table legend:
 A = Turns spent in this place as a percentage of turns spent in the entire game.
 B = Non-inter-level travel turns spent in this place as a percentage of non-inter-level travel turns spent in the entire game.
 C = Inter-level travel turns spent in this place as a percentage of turns spent in this place.
 D = Turns resting spent in this place as a percentage of non-inter-level travel turns spent in this place.
 E = Turns spent auto-exploring this place as a percentage of non-inter-level travel turns spent in this place.
 F = Non-inter-level travel turns spent in this place divided by the number of levels of this place that you've seen.
                   A       B       C       D       E      F
               +-------+-------+-------+-------+-------+----------------------
         Total | 100.0 | 100.0 |   0.7 |   1.2 |   8.8 | 187.6
       Dungeon |  97.9 |  98.0 |   0.6 |   1.3 |   8.1 | 229.9
        Temple |   1.1 |   1.0 |  10.0 |   0.0 |  83.3 |  18.0
          Lair |   1.0 |   1.0 |   0.0 |   0.0 |   5.3 |  19.0
               +-------+-------+-------+-------+-------+----------------------

Table legend:
 A = Kills in this place as a percentage of kills in entire the game.
 B = Kills by you in this place as a percentage of kills by you in the entire game.
 C = Kills by friends in this place as a percentage of kills by friends in the entire game.
 D = Other kills in this place as a percentage of other kills in the entire game.
 E = Experience gained in this place as a percentage of experience gained in the entire game.
 F = Experience gained in this place divided by the number of levels of this place that you have seen.
                   A       B       C       D       E      F
               +-------+-------+-------+-------+-------+----------------------
         Total | 100.0 | 100.0 |  -nan | 100.0 | 100.0 | 542.3
       Dungeon |  99.3 |  99.3 |  -nan | 100.0 |  93.0 | 630.1
          Lair |   0.7 |   0.7 |  -nan |   0.0 |   7.0 | 382.0
               +-------+-------+-------+-------+-------+----------------------
